 Dungeon Crawl Stone Soup version 0.23.1 (webtiles) character file.

Game seed: 8308856247312120720

280 PentaManta the Skirmisher (level 6, -2/45 HPs)
             Began as an Octopode Monk on Mar 10, 2019.
             Slain by a scorpion (8 damage)
             ... on level 4 of the Dungeon.
             The game lasted 00:08:00 (1764 turns).

PentaManta the Skirmisher (Octopode Monk)           Turns: 1764, Time: 00:08:00

Health: -2/45      AC:  1    Str: 18    XL:     6   Next: 27%
Magic:  4/6        EV: 14    Int: 12    God:
Gold:   138        SH:  0    Dex: 14    Spells: 5/5 levels left

rFire    . . .     SeeInvis .   g - +4 mace
rCold    . . .     Gourm    .   (no shield)
rNeg     . . .     Faith    .   (helmet restricted)
rPois    .         Spirit   .   a - amulet of rage
rElec    .         Reflect  .   e - ring of protection from magic
rCorr    .         Harm     .   i - ring of flight
MR       +....                  (no ring)
Stlth    +++.......             (no ring)
HPRegen  0.15/turn              (no ring)
MPRegen  0.10/turn              (no ring)
                                (no ring)
                                (no ring)

@: mighty, berserk cooldown, flying, slowed, very slow
A: almost no armour, stealthy swim, amphibious, 8 rings, constrict 8, camouflage
1, gelatinous body 1
a: Evoke Berserk Rage, Stop Flying


You were on level 4 of the Dungeon.
You were near starving.

You visited 1 branch of the dungeon, and saw 5 of its levels.

You collected 138 gold pieces.

Inventory:

Hand Weapons
 g - a +4 mace (weapon)
Jewellery
 a - an amulet of rage (around mantle)
 e - a ring of protection from magic (left tentacle)
 i - a ring of flight (right tentacle)
Scrolls
 f - a scroll of enchant weapon
 k - 2 scrolls of remove curse
Potions
 c - a potion of berserk rage {unknown}
 h - a potion of mutation {unknown}
 j - a potion of lignification {unknown}
 m - 2 potions of curing
 n - 2 potions of resistance {unknown}
Comestibles
 b - 4 rations


   Skills:
 + Level 5.2 Fighting
 + Level 5.2 Maces & Flails
 - Level 3.0 Dodging
 - Level 2.6 Stealth


You had 5 spell levels left.
You didn't know any spells.
Your spell library contained the following spells:

 Spells                   Type           Power        Failure   Level  Hunger
 Freeze                   Ice            #...         32%         1    ##.....
 Magic Dart               Conj           #...         32%         1    ##.....
 Searing Ray              Conj           #.....       45%         2    ###....
 Throw Frost              Conj/Ice       #.....       45%         2    ###....
 Dazzling Spray           Conj/Hex       #.....       69%         3    ####...
 Ozocubu's Armour         Chrm/Ice       #.......     69%         3    ####...
 Force Lance              Conj/Tloc      #.......     97%         4    #####..
 Fulminant Prism          Conj/Hex       #.........   97%         4    #####..
 Iskenderun's Mystic Bla  Conj           #.......     97%         4    #####..
 Summon Ice Beast         Ice/Summ       #.......     97%         4    #####..
 Throw Icicle             Conj/Ice       #.......     97%         4    #####..


Dungeon Overview and Level Annotations

Branches:
Dungeon (6/15)
 Temple: D:4-7

Altars:

Annotations:
D:1 glass hell


Innate Abilities, Weirdness & Mutations

You cannot wear most types of armour.
You are very stealthy in the water. (Stealth+)
You are amphibious.
You can wear up to eight rings at the same time.
You can use your tentacles to constrict eight enemies at once.
Your skin changes colour to match your surroundings (Stealth+).
Your rubbery body absorbs attacks. (AC +1, EV +1)


Message History

Your experience leads to an increase in your attributes!
Your base attributes are Str 12, Int 12, Dex 14.
Increase (S)trength, (I)ntelligence, or (D)exterity?
You feel stronger.
You see here a +0 giant club.
You start resting.
You feel a strong urge to attack something.
You start resting.
You feel your anger nearly subside.
You are no longer berserk.
You are exhausted.
You feel yourself slow down.
A scorpion comes into view.
A scorpion is nearby!
You feel very mighty all of a sudden.
An ooze comes into view.
You barely miss the scorpion. You grab the scorpion.
You squeeze the scorpion, but do no damage.
You constrict the scorpion, but do no damage.
The scorpion closely misses you. The scorpion stings you!
You die...

#.#
#####.........
#. #.#
#........#####
##.###...##...
.........##.#
##.###..)...###
##........
#.####.J######
#.............
######@#######
#s# #.# ... ###
#.# ##.## #.#
.########...##
...
..............
...
.#####.##....#
#. ##.#.#


You could see a scorpion and an ooze.

Vanquished Creatures
  An ogre (D:4)
  A scorpion (D:4)
  2 hounds (D:4)
  A worker ant (D:4)
  3 adders (D:4)
  An ooze (D:5)
  A worm (D:4)
  A dart slug (D:1)
  A leopard gecko (D:5)
  2 giant cockroaches (D:1)
  4 goblins (D:1)
  A hobgoblin (D:1)
  7 kobolds (D:1)
  A quokka (D:5)
  2 ball pythons
  5 bats
  3 frilled lizards
  2 rats (D:1)
39 creatures vanquished.

Notes
Turn   | Place    | Note
-------+----------+-------------------------------------------
     0 | D:1      | PentaManta the Octopode Monk began the quest for the Orb.
     0 | D:1      | Reached XP level 1. HP: 16/16 MP: 1/1
     6 | D:1      | Noticed a lindwurm
     6 | D:1      | Noticed a salamander
     6 | D:1      | Noticed a polar bear
     7 | D:1      | Noticed a redback
     7 | D:1      | Noticed a crocodile
   184 | D:1      | Reached XP level 2. HP: 21/21 MP: 2/2
   517 | D:1      | Reached XP level 3. HP: 19/26 MP: 3/3
   841 | D:2      | You fall through a shaft for 2 floors!
   931 | D:4      | Reached XP level 4. HP: 19/33 MP: 4/4
  1089 | D:4      | You fall through a shaft for 2 floors!
  1220 | D:5      | Entered Level 5 of the Dungeon
  1475 | D:4      | Reached XP level 5. HP: 20/38 MP: 5/5
  1750 | D:4      | Noticed an ogre
  1758 | D:4      | Killed an ogre
  1758 | D:4      | Reached skill level 5 in Fighting
  1758 | D:4      | Reached skill level 5 in Maces & Flails
  1758 | D:4      | Reached XP level 6. HP: 8/45 MP: 4/6
  1764 | D:4      | Slain by a scorpion

Skill      XL: |  1  2  3  4  5 |
---------------+----------------+-----
Fighting       | 4 5 |  5.2
Maces & Flails | 4 5 |  5.2
Dodging        | |  3.0
Stealth        | |  2.6

Action                   |  1- 3 |  4- 6 || total
-------------------------+-------+-------++-------
Melee: Mace              |    45 |    21 ||    66
       Constrict         |    11 |     7 ||    18
       Tentacles         |     8 |     5 ||    13
 Abil: Evoke Berserk Rag |       |     1 ||     1
       Evoke Flight      |       |     1 ||     1
  Use: Scroll            |       |     8 ||     8
       Potion            |       |     1 ||     1
 Stab: Sleeping          |     9 |     5 ||    14
  Eat: Chunk             |       |     2 ||     2
Armor: Skin              |     4 |       ||     4
Dodge: Dodged            |    33 |     6 ||    39
